 Dungeon Crawl Stone Soup version 0.25-a0-577-ga4619f409e (webtiles) character file.

Game seed: 6610531957506536619, levelgen mode: deterministic

1726 Flugslaktarn the Cleaver (level 8, -1/74 HPs)
             Began as a Deep Dwarf Fighter on Mar 2, 2020.
             Was a Priest of Jiyva.
             Slain by a two-headed ogre
             ... wielding a +0 giant spiked club
              (6 damage)
             ... on level 8 of the Dungeon.
             The game lasted 00:02:29 (3578 turns).

Flugslaktarn the Cleaver (Deep Dwarf Fighter)       Turns: 3578, Time: 00:02:30

Health: -1/74      AC: 12    Str: 23    XL:     8   Next: 75%
Magic:  6/6        EV:  6    Int: 10    God:    Jiyva [***...]
Gold:   207        SH: 10    Dex: 10    Spells: 7/7 levels left

rFire    . . .     SeeInvis .   A - +1 hand axe (drain)
rCold    . . .     Gourm    .   c - +0 kite shield
rNeg     . . .     Faith    .   h - +0 chain mail
rPois    .         Spirit   .   (no helmet)
rElec    .         Reflect  .   (no cloak)
rCorr    +         Harm     .   p - +0 pair of gloves
MR       +....                  D - +0 pair of boots
Stlth    ..........             (no amulet)
HPRegen  0.00/turn              (no ring)
MPRegen  0.10/turn              (no ring)

@: mighty, non-regenerating
A: damage resistance, heal wounds, sense surroundings 1, no regeneration
a: Heal Wounds, Request Jelly, Renounce Religion


You were on level 8 of the Dungeon.
You worshipped Jiyva.
Jiyva was most pleased with you.
You were not hungry.

You visited 2 branches of the dungeon, and saw 9 of its levels.

You collected 304 gold pieces.
You spent 97 gold pieces at shops.

Inventory:

Hand Weapons
 a - a +0 war axe
 A - a +1 hand axe of draining (weapon)
   (You found it on level 5 of the Dungeon)
Armour
 b - a +0 scale mail
 c - a +0 kite shield (worn)
 h - a +0 chain mail (worn)
   (You found it on level 1 of the Dungeon)
 p - a +0 pair of gloves (worn)
   (You found it on level 4 of the Dungeon)
 D - a +0 pair of boots (worn)
   (You found it on level 6 of the Dungeon)
Jewellery
 l - an uncursed ring of poison resistance {unknown}
   (You found it on level 2 of the Dungeon)
 n - a cursed ring of teleportation {unknown}
   (You found it on level 2 of the Dungeon)
 y - an uncursed ring of see invisible {unknown}
   (You found it on level 4 of the Dungeon)
Wands
 G - a wand of scattershot (8)
   (You found it on level 6 of the Dungeon)
Scrolls
 g - 10 scrolls of identify {unknown}
 i - a scroll of random uselessness {unknown}
 m - 3 scrolls of enchant armour
 r - 7 scrolls of teleportation {unknown}
 u - 2 scrolls of magic mapping {unknown}
 w - 2 scrolls of amnesia {unknown}
 x - 3 scrolls of remove curse {unknown}
 C - a scroll of fog {unknown}
 E - a scroll of vulnerability {unknown}
Potions
 f - 2 potions of degeneration {unknown}
 j - a potion of mutation {unknown}
 k - a potion of curing
 o - 3 potions of stabbing {unknown}
 q - a potion of cancellation {unknown}
 s - a potion of invisibility {unknown}
 t - a potion of lignification {unknown}
 v - a potion of brilliance {unknown}
 z - a potion of flight {unknown}
 F - 2 potions of ambrosia {unknown}
 H - a potion of haste {unknown}
Comestibles
 e - 8 rations
 B - a chunk of flesh


   Skills:
 + Level 5.3 Fighting
 * Level 8.1 Axes
 + Level 6.4 Armour
 + Level 6.4 Shields


You had 7 spell levels left.
You didn't know any spells.
Your spell library was empty.

Dungeon Overview and Level Annotations

Branches:
Dungeon (8/15)             Temple (1/1) D:4
   Lair: D:8-11

Altars:
Cheibriados
Dithmenos
Elyvilon
Fedhas
Gozag
Hepliaklqana
Kikubaaqudgha
Makhleb
Okawaru
Qazlal
Sif Muna
Uskayaw
Vehumet
Wu Jian
Xom
Zin
The Shining One
Jiyva

Shops:
D:7 ?

Annotations:
D:5 4 runed translucent doors, bmj180's ghost, novice MiFi


Innate Abilities, Weirdness & Mutations

You are resistant to damage.
You can heal yourself by infusing magical energy.
You passively map a small area around you.
You do not regenerate.


Message History

The bullfrog hits you but does no damage.
You block the two-headed ogre's attack.
The two-headed ogre hits you with a +0 giant club!
* * * LOW HITPOINT WARNING * * *
You feel much better. The bullfrog barely misses you. The bullfrog hits you.
You slash the two-headed ogre! You drain the two-headed ogre.
The two-headed ogre is heavily wounded.
You closely miss the bullfrog.
The two-headed ogre hits you but does no damage.
The two-headed ogre hits you with a +0 giant club!
* * * LOW HITPOINT WARNING * * *
The bullfrog completely misses you.
You slash the two-headed ogre!
The two-headed ogre is severely wounded.
You hit the bullfrog.
You kill the bullfrog!
The two-headed ogre hits you with a +0 giant spiked club!
* * * LOW HITPOINT WARNING * * *
The two-headed ogre hits you with a +0 giant club!
You die...

, *, #.# , * * ### #.#
.... #.# #.# , , ...., *,*
#.# #.# , ......# #.###
#.# ,.....#.######...# #.#
, , ...#.....[.<#.####.##
. *#.########.........# ..
#Z)@# ####.####.. ...
#.#O# #.# ##. , ...J #.#Y#
###.#####. .....,#...#
##.......#. .#....#...#
#...._..... ,
.D........######..#####...
,
...##....#.†......#?..#...
#....#.####...#...#... *
.......#.# ##..#...#..#


You could see a two-headed ogre, an ice beast and a bullfrog zombie.

Vanquished Creatures
  Grinder (D:5)
  An orc warrior (D:6)
  2 phantoms
  3 sky beasts
  An ogre (D:5)
  2 centaurs
  4 bullfrogs
  A wyvern zombie (D:6)
  A centaur skeleton (D:5)
  An orc priest (D:4)
  2 iguanas (D:6)
  Jessica (D:3)
  3 orc wizards
  5 worker ants
  3 adders
  An ooze (D:2)
  3 adder skeletons
  3 worms
  3 leopard geckos
  11 orcs
  4 giant cockroaches
  4 jackals
  2 ball pythons
  4 bats
  2 frilled lizards (D:5)
  2 goblins (D:1)
  A jackal skeleton (D:4)
  4 kobolds
  A leopard gecko skeleton (D:4)
  3 rats
79 creatures vanquished.

Vanquished Creatures (others)
  A bullfrog (D:7)
  An orc priest (D:5)
  An iguana (D:7)
  A jelly (D:7)
  A worker ant (D:7)
  An adder (D:7)
  3 orcs (D:5)
  A frilled lizard (D:5)
  A quokka skeleton (D:5)
11 creatures vanquished.

Grand Total: 90 creatures vanquished

Notes
Turn   | Place    | Note
-------+----------+-------------------------------------------
     0 | D:1      | Flugslaktarn the Deep Dwarf Fighter began the quest for the
                  | Orb.
     0 | D:1      | Reached XP level 1. HP: 20/20 MP: 1/1
   156 | D:2      | Reached XP level 2. HP: 24/27 MP: 2/2
   293 | D:2      | Found a radiant altar of Vehumet.
   295 | D:2      | Found a shadowy altar of Dithmenos.
   422 | D:3      | Noticed Jessica
   438 | D:3      | Killed Jessica
   438 | D:3      | Reached skill level 3 in Axes
   438 | D:3      | Reached XP level 3. HP: 30/34 MP: 3/3
   782 | D:4      | Noticed a phantom
   828 | D:4      | Killed a phantom
   828 | D:4      | Reached skill level 4 in Axes
   828 | D:4      | Reached XP level 4. HP: 40/42 MP: 4/4
   828 | D:4      | Reached XP level 5. HP: 46/49 MP: 5/5
   918 | D:4      | Found a staircase to the Ecumenical Temple.
   942 | Temple   | Entered the Ecumenical Temple
  1288 | D:4      | Noticed a sky beast
  1338 | D:4      | Killed a sky beast
  1338 | D:4      | Reached XP level 6. HP: 6/57 MP: 6/6
  1382 | Temple   | Became a worshipper of Jiyva Juohohim the Shapeless
  1543 | D:5      | Entered Level 5 of the Dungeon
  1543 | D:5      | Found an iron altar of Okawaru.
  1543 | D:5      | Found a large runed translucent door.
  1543 | D:5      | Noticed a sky beast
  1557 | D:5      | HP: 2/57 [ogre/+0 giant club (22)]
  1569 | D:5      | Reached skill level 5 in Axes
  1574 | D:5      | Killed a sky beast
  1592 | D:5      | Found a large runed translucent door.
  1607 | D:5      | Reached XP level 7. HP: 57/64 MP: 6/6
  1609 | D:5      | Reached * piety under Jiyva
  1621 | D:5      | Reached skill level 5 in Armour
  1621 | D:5      | Reached skill level 5 in Shields
  1811 | D:5      | Noticed Grinder
  1817 | D:5      | Paralysed by Grinder for 4 turns
  1843 | D:5      | Killed Grinder
  1843 | D:5      | Reached skill level 6 in Axes
  1949 | D:5      | Found a runed translucent door.
  1950 | D:5      | Found a runed translucent door.
  2037 | D:5      | Noticed bmj180's ghost (novice MiFi)
  2168 | D:5      | Reached ** piety under Jiyva
  2316 | D:6      | Found a white marble altar of Elyvilon.
  2385 | D:6      | Reached XP level 8. HP: 35/73 MP: 7/7
  2448 | D:6      | Found a white marble altar of Elyvilon.
  2562 | D:6      | Found a burning altar of Makhleb.
  2695 | D:6      | Found a stormy altar of Qazlal.
  2811 | D:7      | Reached skill level 7 in Axes
  2896 | D:7      | Reached skill level 5 in Fighting
  2991 | D:7      | Reached *** piety under Jiyva
  3070 | D:7      | Found Lavaci's Magic Scroll Emporium.
  3078 | D:7      | Bought a scroll of enchant armour for 97 gold pieces
  3481 | D:8      | Found a shimmering altar of Xom.
  3495 | D:8      | Noticed an angel
  3506 | D:8      | Found a glowing silver altar of Zin.
  3549 | D:8      | Noticed a two-headed ogre
  3554 | D:8      | Reached skill level 8 in Axes
  3567 | D:8      | HP: 3/74 [two-headed ogre/+0 giant spiked club (6)]
  3578 | D:8      | Slain by a two-headed ogre

Levels and vault maps discovered:
D:1:      lightli_arrival_lavapool, layout_basic, minmay_stone_trees_medium
D:2:      layout_rooms, chequers_temple_overflow_statue_of_worship, first_ration
D:3:      layout_basic, minmay_quantized, uniq_jessica
D:4:      layout_gridville, minmay_temple_entry_stoned_glass,
          minmay_fountain_box, minmay_misc_feat_secret_circle, minivault_19
D:5:      lemuel_insect_pit, layout_basic, okawaru_ov_weapons_minmay,
          ebering_ghost_disaster_area, uniq_grinder
D:6:      layout_cave_pools, nicolae_overflow_hidden_temple,
          lemuel_crystal_altar, elyvilon_altar_5, basic_altar
D:7:      layout_basic, serial_shops, shop
D:8:      minmay_cut_squares, layout_loops_ring,
          grunt_temple_overflow_order_and_chaos_1, gammafunk_ghost_cemetery,
          serial_shops, shop, uniq_prince_ribbit1
Temple:   pf_slimified_temple

Skill      XL: |  1  2  3  4  5  6  7  8 |
---------------+-------------------------+-----
Fighting       | 3 4 5 |  5.3
Axes           | 3 4 5 6 8 |  8.1
Armour         | 4 5 6 |  6.4
Shields        | 4 5 6 |  6.4

Action                   |  1- 3 |  4- 6 |  7- 9 || total
-------------------------+-------+-------+-------++-------
Melee: War axe           |   104 |    92 |       ||   196
       Hand axe          |       |     4 |   186 ||   190
 Abil: Heal Wounds       |     2 |     7 |    12 ||    21
  Use: Potion            |       |       |     1 ||     1
  Eat: Chunk             |       |     1 |     3 ||     4
       Ration            |       |     1 |       ||     1
Armor: Scale mail        |     9 |       |       ||     9
       Chain mail        |    53 |    62 |    86 ||   201
Dodge: Dodged            |    24 |    12 |    36 ||    72
Block: Kite shield       |    55 |    53 |   108 ||   216

Table legend:
 A = Non-vault XP
 B = Vault XP
 C = Vault XP percentage of total XP
 D = Non-vault monster count
 E = Vault monster count
 F = Vault count percentage of total count
                 A         B        C        D         E       F
            +---------+---------+-------+---------+---------+-------
      Total |    2055 |     411 |  16.7 |      75 |       4 |   5.1
            +---------+---------+-------+---------+---------+-------
        D:1 |      11 |       0 |   0.0 |       8 |       0 |   0.0
        D:2 |      28 |       0 |   0.0 |      11 |       0 |   0.0
        D:3 |      16 |      37 |  69.8 |       6 |       1 |  14.3
        D:4 |     375 |       0 |   0.0 |      11 |       0 |   0.0
        D:5 |     470 |     281 |  37.4 |      14 |       1 |   6.7
        D:6 |     380 |       0 |   0.0 |       9 |       0 |   0.0
        D:7 |     402 |       0 |   0.0 |      11 |       0 |   0.0
        D:8 |     373 |      93 |  20.0 |       5 |       2 |  28.6
            +---------+---------+-------+---------+---------+-------
